 Dungeon Crawl Stone Soup version 0.30-a0-377-g5cb311bc9f (webtiles) character file.

Game seed: 4821744670043032521

58 retardedninja the Trooper (level 4, -20/40 HPs)
             Began as a Hill Orc Fighter on Nov 30, 2022.
             Demolished by an ogre
             ... wielding a +0 giant club
              (27 damage)
             ... on level 3 of the Dungeon.
             The game lasted 00:01:54 (1747 turns).

retardedninja the Trooper (Hill Orc Fighter)        Turns: 1747, Time: 00:01:55

Health: -20/40     AC:  8    Str: 20    XL:     4   Next: 1%
Magic:  4/4        EV:  9    Int:  8    God:
Gold:   166        SH:  4    Dex: 10    Spells: 3/3 levels left

rFire   . . .      SeeInvis .    a - +0 war axe
rCold   . . .      Faith    .    c - +0 buckler
rNeg    . . .      Spirit   .    b - +0 scale mail
rPois   .          Reflect  .    l - +0 helmet
rElec   .          Harm     .    (no cloak)
rCorr   .          Rampage  .    (no gloves)
Will    .....                    (no boots)
Stlth   ..........               (no amulet)
HPRegen 0.26/turn                (no ring)
MPRegen 0.09/turn                (no ring)

@: mighty
A: no striking features
a: no special abilities


You were on level 3 of the Dungeon.
You visited 1 branch of the dungeon, and saw 3 of its levels.

You collected 166 gold pieces.

Inventory:

Hand Weapons
 a - a +0 war axe (weapon)
Armour
 b - a +0 scale mail (worn)
 c - a +0 buckler (worn)
 l - a +0 helmet (worn)
Scrolls
 e - a scroll of fog {unknown}
 g - a scroll of fear {unknown}
 j - 2 scrolls of identify {unknown}
 m - 2 scrolls of amnesia {unknown}
 n - a scroll of enchant armour {unknown}
 o - a scroll of blinking {unknown}
 q - 2 scrolls of poison {unknown}
 s - 2 scrolls of vulnerability {unknown}
 t - a scroll of immolation {unknown}
Potions
 d - a potion of might
 f - a potion of mutation {unknown}
 h - a potion of curing {unknown}
 i - 2 potions of flight {unknown}
 k - a potion of attraction {unknown}
 p - a potion of ambrosia {unknown}
 r - a potion of heal wounds {unknown}


   Skills:
 + Level 4.2 Fighting
 + Level 3.6 Axes
 + Level 3.8 Armour
 + Level 3.9 Shields


You had 3 spell levels left.
You didn't know any spells.
Your spell library contained the following spells:

 Spells                   Type           Power      Damage    Failure   Level
 Ensorcelled Hibernation  Hex/Ice        0%         N/A       94%         2
 Ignite Poison            Fire/Tmut/Pois 0%         N/A       99%         3
 Spider Form              Tmut/Pois      0%         N/A       99%         3
 Anguish                  Hex/Necr       0%         N/A       100%        4
 Sticky Flame             Conj/Fire      0%         2d3       100%        4
 Ignition                 Fire           0%         3d3       100%        8


Dungeon Overview and Level Annotations

Branches:
Dungeon (3/15)

Altars:


Message History

Key pressed, stopping explore.
No target in view!
An orc comes into view. It is wielding a +0 club.
Found 11 gold pieces.
An orc is nearby!
An orc is nearby!
An orc is nearby!
An ogre and an endoplasm come into view.
The ogre shouts!
The orc hits you with a +0 club.
The ogre moves out of view.
There are monsters nearby!
You hit the orc.
The orc is lightly wounded.
The orc hits you but does no damage. The ogre barely misses you.
You block the orc's attack.
There are monsters nearby!
You slash the orc!
You kill the orc!
You barely miss the ogre.
The ogre hits you with a +0 giant club!!
Ouch! That really hurt!
You have reached level 4!
Okay, then.
You feel very mighty all of a sudden.
You slash the ogre!
The ogre is heavily wounded.
The ogre hits you with a +0 giant club!
* * * LOW HITPOINT WARNING * * *
You barely miss the ogre.
The ogre is heavily wounded.
A bat comes into view.
You block the ogre's attack.
The bat moves out of view.
You barely miss the ogre.
The ogre is heavily wounded.
You block the ogre's attack.
You slash the ogre!
The ogre is almost dead.
The ogre hits you with a +0 giant club!!
Ouch! That really hurt!
You die...

.. ##.## ... ....##
#.. .....#. #..
....... #..# .......
#...## ......#
###....##O....#
#.......@)$..#
#..###.####.....
#..###.####.....
#..##...........
#..##..####..##
#..##..#
###..####..##..#
..............(####
###......†...........


You could see an ogre.

Vanquished Creatures
  A worm (D:2)
  2 dart slugs
  An orc (D:3)
  3 endoplasms
  2 giant cockroaches
  5 goblins
  5 hobgoblins
  5 jackals
  3 quokkas
  4 ball pythons
  3 bats
  2 frilled lizards
  4 kobolds
  5 rats
45 creatures vanquished.

Vanquished Creatures (others)
  A kobold (D:1)
1 creature vanquished.

Grand Total: 46 creatures vanquished

Notes
Turn   | Place    | Note
-------+----------+-------------------------------------------
     0 | D:1      | retardedninja the Hill Orc Fighter began the quest for the
                  | Orb.
     0 | D:1      | Reached XP level 1. HP: 19/19 MP: 1/1
   234 | D:1      | Reached XP level 2. HP: 21/27 MP: 2/2
   572 | D:1      | Reached skill level 4 in Fighting
   598 | D:1      | Reached XP level 3. HP: 33/33 MP: 3/3
  1740 | D:3      | Noticed an ogre
  1743 | D:3      | Reached XP level 4. HP: 16/40 MP: 4/4
  1747 | D:3      | Demolished by an ogre

Illustrated notes

Levels and vault maps discovered:
D:1:      eino_arrival_cavern_e, layout_basic
D:2:      layout_basic, kennysheep_generic_room_6
D:3:      layout_loops_ring

Skill      XL: |  1  2 |
---------------+-------+-----
Axes           | 3 |  3.6
Fighting       | 4 |  4.2
Armour         | |  3.8
Shields        | |  3.9

Action                   |  1- 3 |  4- 6 || total
-------------------------+-------+-------++-------
Melee: War axe           |   124 |     4 ||   128
  Use: Potion            |       |     1 ||     1
Armor: Scale mail        |    78 |       ||    78
Dodge: Dodged            |    61 |       ||    61
Block: Buckler           |    39 |     2 ||    41

Table legend: (Time is in decaauts)
 A = Elapsed time spent in this place.
 B = Non-inter-level travel time spent in this place.
 C = Inter-level travel time spent in this place.
 D = Time resting spent in this place.
 E = Time spent auto-exploring this place.
 F = Levels seen in this place.
 G = Mean time per level.
                   A        B        C        D        E       F      G
               +--------+--------+--------+--------+--------+-----+--------+
         Total |   1795 |   1746 |     49 |      0 |   1399 |   3 |  598.3 |
       Dungeon |   1795 |   1746 |     49 |      0 |   1399 |   3 |  598.3 |
               +--------+--------+--------+--------+--------+-----+--------+

Top non-repeatable levels by time:
     D:2: 876 daAuts
     D:1: 802 daAuts
     D:3: 116 daAuts
